 Dungeon Crawl Stone Soup version 0.28-a0-1213-g0243856f03 (webtiles) character file.

Game seed: 17635627462781161911

25 frimble the Grasshopper (level 2, -1/22 HPs)
             Began as a Demonspawn Warper on Dec 22, 2021.
             Slain by a kobold (3 damage)
             ... on level 1 of the Dungeon.
             The game lasted 00:00:56 (1067 turns).

frimble the Grasshopper (Demonspawn Warper)         Turns: 1067, Time: 00:00:57

Health: -1/22      AC:  4    Str: 11    XL:     2   Next: 86%
Magic:  5/5        EV: 12    Int: 14    God:
Gold:   40         SH:  0    Dex: 12    Spells: 5/5 levels left

rFire   . . .      SeeInvis .   a - +0 falchion
rCold   . . .      Faith    .   (no shield)
rNeg    . . .      Spirit   .   b - +0 leather armour
rPois   .          Reflect  .   (no helmet)
rElec   .          Harm     .   (no cloak)
rCorr   .          Rampage  .   (no gloves)
Will    .....                   (no boots)
Stlth   +.........              (no amulet)
HPRegen 0.07/turn               (no ring)
MPRegen 0.09/turn               (no ring)

@: brilliant
A: rugged brown scales 1
a: no special abilities


You were on level 1 of the Dungeon.
You visited 1 branch of the dungeon, and saw 1 of its levels.

You collected 40 gold pieces.

Inventory:

Hand Weapons
 a - a +0 falchion (weapon)
Missiles
 d - 3 boomerangs of dispersal (quivered)
Armour
 b - a +0 leather armour (worn)
Scrolls
 c - a scroll of blinking
 f - a scroll of teleportation {unknown}


   Skills:
 - Level 2.0 Fighting
 + Level 2.5 Long Blades
 - Level 0.8 Throwing
 - Level 0.8 Armour
 - Level 2.4 Dodging
 - Level 2.0 Spellcasting
 + Level 2.8 Translocations


You had 5 spell levels left.
You didn't know any spells.
Your spell library contained the following spells:

 Spells                   Type           Power      Damage    Failure   Level
 Blink                    Tloc           26%        N/A       16%         2
 Gell's Gravitas          Tloc           13%        N/A       30%         3
 Lesser Beckoning         Tloc           13%        N/A       30%         3
 Teleport Other           Tloc           13%        N/A       30%         3
 Manifold Assault         Tloc           13%        N/A       95%         5


Dungeon Overview and Level Annotations

Branches:
Dungeon (1/15)

Altars:


Innate Abilities, Weirdness & Mutations

You are partially covered in rugged brown scales. (AC +1, +3% HP)


Message History

The dart slug is heavily wounded.
The kobold hits you but does no damage. The dart slug bites you.
The kobold closely misses you.
You hit the dart slug.
The dart slug is severely wounded.
The kobold hits you with a +0 club. x2; The dart slug barely misses you.
The kobold closely misses you.
You slash the dart slug!
You kill the dart slug!
The kobold hits you but does no damage. x2
The kobold throws a stone.
The stone hits you.
The kobold throws a stone.
The stone hits you but does no damage.
The kobold throws a stone.
The stone hits you.
* * * LOW HITPOINT WARNING * * *
The kobold throws a stone.
The stone misses you.
It was a potion of brilliance.
You feel clever all of a sudden.
You aren't carrying any items that you can evoke.
Throw: 5 boomerangs (disperse)
Press: ? - help, Q - select action Shift-Dir - straight line, f - kobold
Aim: a kobold, wielding a +0 club and quivering stones (50% to hit)
You throw a boomerang of dispersal.
The boomerang of dispersal hits the kobold.
The kobold blinks!
You feel a bit more experienced.
Throw: 4 boomerangs (disperse)
Press: ? - help, Q - select action Shift-Dir - straight line, f - kobold
Aim: a kobold, wielding a +0 club (50% to hit)
You throw a boomerang of dispersal.
The boomerang of dispersal barely misses the kobold.
The kobold hits you with a +0 club.
* * * LOW HITPOINT WARNING * * *
You barely miss the kobold. The kobold hits you with a +0 club.
* * * LOW HITPOINT WARNING * * *
You hit the kobold.
The kobold is severely wounded.
The kobold barely misses you.
You barely miss the kobold.
The kobold is severely wounded.
The kobold closely misses you. The kobold hits you with a +0 club.
You die...

### #..............# .#
#.#)#.#.#####... .##
#.#.#.#.######.# ..# #
#.#.#........# #.##
#.#.#....##### #.†#
#.#.##.#.# ##.#
#.#.##.#.# #.# #K#.##.#.#
#.# #@#.##.#.# #.##
#.#....#.# ##..# #. #
#.#....#.# ....# #.# .#
#.#.##.#.#
....###.####.#.#.#.##.#.#
.....##......#.#.#.##.#.#
.....##......#.#.#.##.#.#
.....##......#...#.##.#.#
......#.........#.....#.#


You could see a kobold.

Vanquished Creatures
  A dart slug (D:1)
  3 ball pythons (D:1)
  4 bats (D:1)
  3 endoplasms (D:1)
  2 hobgoblins (D:1)
  A quokka (D:1)
  3 frilled lizards (D:1)
  3 goblins (D:1)
  A kobold (D:1)
21 creatures vanquished.

Notes
Turn   | Place    | Note
-------+----------+-------------------------------------------
     0 | D:1      | frimble the Demonspawn Warper began the quest for the Orb.
     0 | D:1      | Reached XP level 1. HP: 16/16 MP: 3/3
   496 | D:1      | Gained mutation: You are partially covered in rugged brown
                  | scales. (AC +1, +3% HP) [demonic ancestry]
   496 | D:1      | Reached XP level 2. HP: 16/22 MP: 5/5
  1067 | D:1      | Slain by a kobold

Illustrated notes

Levels and vault maps discovered:
D:1:      tarquinn_simple_flora_water_a, layout_basic

Skill      XL: |  1 |
---------------+----+-----
Long Blades    | 2 |  2.5
Dodging        | 2 |  2.4
Fighting       | |  2.0
Throwing       | |  0.8
Armour         | |  0.8
Spellcasting   | |  2.0
Translocations | |  2.8

Action                   || total
-------------------------++-------
Melee: Falchion          ||    87
Throw: Boomerang         ||     2
  Use: Scroll            ||     3
       Potion            ||     1
Armor: Leather armour    ||    40
Dodge: Dodged            ||    71

Table legend: (Time is in decaauts)
 A = Elapsed time spent in this place.
 B = Non-inter-level travel time spent in this place.
 C = Inter-level travel time spent in this place.
 D = Time resting spent in this place.
 E = Time spent auto-exploring this place.
 F = Levels seen in this place.
 G = Mean time per level.
                   A        B        C        D        E       F      G
               +--------+--------+--------+--------+--------+-----+--------+
         Total |   1084 |   1084 |      0 |     16 |    858 |   1 | 1084.0 |
       Dungeon |   1084 |   1084 |      0 |     16 |    858 |   1 | 1084.0 |
               +--------+--------+--------+--------+--------+-----+--------+

Top non-repeatable levels by time:
     D:1: 1084 daAuts
